 Dungeon Crawl Stone Soup version 0.18-a0-1649-g8d9735b (webtiles) character file.

235 Etesian the Magician (level 5, 0/28 HPs)
             Began as a Deep Elf Air Elementalist on Mar 29, 2016.
             Killed by their own static electricity (1 damage)
             ... in a sewer.
             The game lasted 00:09:10 (2394 turns).

Etesian the Magician (Deep Elf Air Elementalist)    Turns: 2394, Time: 00:09:11

Health: 0/28       AC:  3    Str:  5    XL:     5   Next: 76%
Magic:  0/13       EV: 14    Int: 21    God:
Gold:   115        SH:  0    Dex: 15    Spells: 4 memorised, 4 levels left

rFire  . . .     SeeInvis .     l - +1 dagger (speed)
rCold  . . .     Gourm    .     a - +1 robe
rNeg   . . .     Faith    .     (no shield)
rPois  .         Spirit   .     (no helmet)
rElec  .         Dismiss  .     (no cloak)
rCorr  .         Reflect  .     (no gloves)
SustAt .         Harm     .     (no boots)
MR     .....                    (no amulet)
Stlth  ++........               (no ring)
                                (no ring)

@: very slightly contaminated, not resistant to hostile enchantments, unstealthy
A: no striking features
a: no special abilities


You were in a sewer.
You were not hungry.

You visited 1 branch of the dungeon, and saw 3 of its levels.
You also visited: Sewer.

You collected 115 gold pieces.

Inventory:

Hand Weapons
 l - a +1 dagger of speed (weapon)
Armour
 a - a +1 robe (worn)
Scrolls
 f - a scroll of fog
 h - a scroll of identify
Potions
 e - a potion of lignification
 i - a potion of beneficial mutation {unknown}
 j - a potion of curing
Books
 b - a book of Air

   Spells                             Type                      Level
   a - Shock                          Conjuration/Air              1
   b - Swiftness                      Charms/Air                   2
   c - Repel Missiles                 Charms/Air                   2
   d - Static Discharge               Conjuration/Air              3
   e - Lightning Bolt                 Conjuration/Air              5
Comestibles
 c - 4 bread rations
 d - 7 chunks of flesh
 g - 3 fruits
 k - a royal jelly


   Skills:
 + Level 3.6 Dodging
 - Level 2.4 Stealth
 + Level 4.4 Spellcasting
 * Level 3.7 Conjurations
 * Level 4.3 Air Magic


You had 4 spell levels left.
You knew the following spells:

 Your Spells              Type           Power        Failure   Level  Hunger
a - Shock                 Conj/Air       ###.         1%          1    None
b - Repel Missiles        Chrm/Air       ##....       10%         2    #......
c - Swiftness             Chrm/Air       ##......     10%         2    #......
d - Static Discharge      Conj/Air       ###.....     10%         3    ##.....


Dungeon Overview and Level Annotations

Branches:
Dungeon (3/15)

Altars:
Ashenzari
Cheibriados
Yredelemnul


Message History

Wisps of vapour drift from your hands.
You feel sick. The big kobold hits you with a whip.
* * * LOW HITPOINT WARNING * * *
Drink which item? (? for menu, Esc to quit)
It was a potion of curing.
You feel better. The big kobold hits you with a whip!
* * * LOW HITPOINT WARNING * * *
Casting: Static Discharge
Confirm with . or Enter, or press ? or * to list all spells.
The kobold is struck by lightning.
You kill the kobold!
The lightning grounds out.
The big kobold barely misses you. The kobold hits you with a club.
* * * LOW HITPOINT WARNING * * *
Casting: Static Discharge
Confirm with . or Enter, or press ? or * to list all spells.
The big kobold is struck by lightning.
The big kobold is severely wounded.
The lightning arcs!
You are struck by lightning.
You die...

≈≈≈
≈≈≈#################
≈≈≈≈≈≈≈≈≈≈≈≈≈≈≈≈≈≈≈#
≈≈≈≈≈≈≈≈≈≈≈≈≈≈≈≈≈≈≈#
≈≈≈≈≈≈≈≈≈≈≈≈≈≈≈≈≈≈≈#
########≈≈########'###
......≈P≈≈≈.#....#...#
...P..≈≈P≈.)K..∩.#.∩.#
.......÷...@KK...#.∩.#
............#!!!.#####
..........########
##.....##.# ###### ###


You could see a big kobold and 2 kobolds.

Vanquished Creatures
  The ghost of Deemzul the Ruffian, an amateur VSMo (D:3)
  Jessica (D:3)
  4 adders
  An ooze (D:3)
  2 worms (D:2)
  2 dart slugs
  2 giant geckos (D:1)
  2 giant cockroaches
  10 hobgoblins
  3 jackals (D:1)
  8 kobolds
  2 ball pythons
  10 bats
  A giant newt (D:1)
  5 goblins
  5 rats
  A spectral orc (D:2)
60 creatures vanquished.

Notes
Turn   | Place    | Note
--------------------------------------------------------------
     0 | D:1      | Etesian the Deep Elf Air Elementalist began the quest for the Orb.
     0 | D:1      | Reached XP level 1. HP: 10/10 MP: 6/6
   116 | D:1      | Reached XP level 2. HP: 14/15 MP: 0/8
   122 | D:1      | Learned a level 2 spell: Repel Missiles
   125 | D:1      | Learned a level 2 spell: Swiftness
   680 | D:2      | Reached XP level 3. HP: 19/19 MP: 1/10
  1025 | D:2      | Learned a level 3 spell: Static Discharge
  1531 | D:2      | Found a basalt altar of Yredelemnul.
  1814 | D:2      | Found a shattered altar of Ashenzari.
  1861 | D:2      | Reached XP level 4. HP: 24/24 MP: 9/11
  1972 | D:3      | Noticed Jessica
  1986 | D:3      | Killed Jessica
  2063 | D:3      | Noticed Deemzul's ghost (amateur VSMo)
  2068 | D:3      | Killed Deemzul's ghost
  2068 | D:3      | Reached XP level 5. HP: 10/28 MP: 0/13
  2261 | D:3      | Found a snail-covered altar of Cheibriados.
  2334 | D:3      | Found a glowing drain.
  2345 | Sewer    | Entered a sewer
  2393 | Sewer    | HP: 1/28 [kobold/club (5)]
  2394 | Sewer    | Killed from afar by themself

Vault maps used:
D:1:      lightli_arrival_quake, hex_medium
D:2:      ashenzari_altar_1, yredelemnul_forgotten_temple_becter, first_bread
D:3:      nicolae_overflow_hidden_temple, portal_sewer_entry_d,
          grunt_ministairs_1, uniq_jessica, uniq_sigmund
Sewer:    kennysheep_pipe_town

Skill      XL: |  1  2  3  4 |
---------------+-------------+-----
Conjurations   | 2 3 |  3.7
Dodging        | 3 |  3.6
Spellcasting   | 4 |  4.4
Air Magic      | 4 |  4.3
Stealth        | |  2.4

Action                   |  1- 3 |  4- 6 || total
-------------------------+-------+-------++-------
Melee: Unarmed           |     1 |       ||     1
       Dagger            |    48 |    12 ||    60
 Cast: Shock             |    80 |    18 ||    98
       Static Discharge  |     3 |     7 ||    10
  Use: Scroll            |     6 |     1 ||     7
       Potion            |       |     1 ||     1
 Stab: Sleeping          |     1 |     2 ||     3
  Eat: Chunk             |     3 |     2 ||     5
